 Dungeon Crawl Stone Soup version 0.29-a0-802-g34511f41fd (webtiles) character file.

Game seed: 3273428099099520421

3679 kevlar127 the Grappler (level 9, -4/96 HPs)
             Began as a Troll Berserker on July 3, 2022.
             Was an Elder of Trog.
             Slain by a two-headed ogre
             ... wielding a +0 dire flail
              (5 damage)
             ... on level 7 of the Dungeon.
             The game lasted 00:19:55 (6510 turns).

kevlar127 the Grappler (Troll Berserker)            Turns: 6510, Time: 00:19:56

Health: -4/96      AC:  8    Str: 31    XL:     9   Next: 90%
Magic:  8/8        EV: 10    Int:  3    God:    Trog [****..]
Gold:   225        SH:  0    Dex: 11    Spells: 8/8 levels left

rFire   . . .      SeeInvis +     - Unarmed
rCold   . . .      Faith    .   (no shield)
rNeg    . . .      Spirit   .   F - +0 steam dragon scales
rPois   .          Reflect  .   (helmet restricted)
rElec   .          Harm     .   y - +0 cloak
rCorr   .          Rampage  .   (gloves unavailable)
Will    .....                   (boots unavailable)
Stlth   +.........              A - amulet "Pyujakh" {Regen+ Dex+2}
HPRegen 1.86/turn               q - ring of see invisible
MPRegen 0.11/turn               u - ring of flight

@: flying
A: large, unfitting armour, claws 3, regeneration 1, shaggy fur 1, tough skin 1
a: Renounce Religion, Berserk, Trog's Hand, Brothers in Arms


You were on level 7 of the Dungeon.
You worshipped Trog.
Trog was greatly pleased with you.
You visited 1 branch of the dungeon, and saw 8 of its levels.

You collected 401 gold pieces.
You spent 176 gold pieces at shops.

Inventory:

Missiles
 f - 2 large rocks
 h - 8 poisoned darts
 i - 33 stones
 l - 8 boomerangs (quivered)
Armour
 y - a +0 cloak (worn)
 z - a +1 robe of cold resistance
 F - +0 steam dragon scales (worn)
Jewellery
 q - a ring of see invisible (left claw)
 t - a ring of ice
 u - a ring of flight (right claw)
 A - the amulet "Pyujakh" (around neck) {Regen+ Dex+2}
   (You took it off a gnoll bouda on level 6 of the Dungeon)

   [amulet of regeneration]

   Dex:       It affects your dexterity (+2).
   Regen:     It increases your rate of health regeneration.
 B - an amulet of reflection
Wands
 s - a wand of mindburst (13)
 v - a wand of flame (46)
 x - a wand of digging (13)
Scrolls
 a - a scroll of enchant armour {unknown}
 d - 4 scrolls of fog {unknown}
 e - 2 scrolls of amnesia
 j - a scroll of silence {unknown}
 k - 2 scrolls of blinking
 o - 2 scrolls of torment
 p - a scroll of noise {unknown}
 r - 2 scrolls of immolation
 w - 2 scrolls of magic mapping {unknown}
 E - 2 scrolls of teleportation {unknown}
 G - a scroll of identify
Potions
 b - 7 potions of curing
 c - 4 potions of brilliance
 g - 2 potions of ambrosia
 m - 3 potions of mutation
 n - 5 potions of heal wounds
 C - a potion of resistance
 D - a potion of attraction
 H - a potion of invisibility {unknown}


   Skills:
 + Level 7.9 Fighting
 + Level 5.0 Throwing
 - Level 2.0 Armour
 - Level 3.0 Dodging
 + Level 9.4 Unarmed Combat


You had 8 spell levels left.
You didn't know any spells.
Your spell library was empty.

Dungeon Overview and Level Annotations

Branches:
Dungeon (8/15)             Temple (0/1) D:5
   Lair: D:8-11

Altars:
Cheibriados
Dithmenos
Makhleb
Okawaru
Ru
Trog
Vehumet
Zin

Shops:
D:1 !   D:3 (

Annotations:
D:6 2 transporters, zhov's ghost, novice DEHu
D:8 Pikel


Innate Abilities, Weirdness & Mutations

You are too large for most types of armour.
You have claws for hands.
Your natural rate of healing is unusually fast.
You are covered in fur. (AC +1)
You have tough skin. (AC +1)


Message History

The lemure is moderately wounded.
Throw: 8 boomerangs
Press: ? - help, Q - select action, (/) - cycle Shift-Dir - straight line, f/p - lemure
Aim: a lemure (55% to hit)
You throw a boomerang.
The boomerang closely misses the lemure.
The boomerang closely misses the lemure.
The boomerang hits Pikel!
Pikel is moderately wounded.
An orc comes into view. It is wielding a +0 dagger.
There is a stone staircase leading up here.
The two-headed ogre hits you with a +0 dire flail!
The two-headed ogre hits you with a +0 giant spiked club!
The lemure hits you but does no damage.
You fly upwards.
There is a stone staircase leading down here.
You claw the lemure!
The lemure is heavily wounded.
The lemure hits you.
Unknown command.
You closely miss the lemure.
The lemure is heavily wounded.
The two-headed ogre hits you with a +0 dire flail.
The two-headed ogre completely misses you.
You claw the two-headed ogre!
The two-headed ogre is moderately wounded.
The lemure hits you.
You claw the two-headed ogre!
The two-headed ogre is heavily wounded.
The two-headed ogre hits you with a +0 dire flail!!
The two-headed ogre hits you with a +0 giant spiked club!
* * * LOW HITPOINT WARNING * * *
The lemure closely misses you.
You claw the two-headed ogre!
The two-headed ogre is almost dead.
The lemure hits you but does no damage.
The two-headed ogre hits you with a +0 dire flail!!
* * * LOW HITPOINT WARNING * * *
The two-headed ogre hits you with a +0 giant spiked club.
You die...

#............#.#.#.........
#.......................#..
#...........#########...#..
#).........## #......#
#..........# #......#
##.......#.# #......#
#..........# #......#
#.........O# ###......#
#.........@## #[.......#
#.........5.# ####.#......#
#.......#...###....###....#
###....^###...#..####
#....# #........#......##
#....# #.####..###..#.##
#....# #.# #..## ##.[.#
#>...# #.# #.[.#
#....#############
#.###..##
##...)))..........


You could see a two-headed ogre and a lemure.

Vanquished Creatures
  A cyclops (D:6)
  Grinder (D:3)
  Eustachio (D:6)
  2 steam dragons (D:7)
  A water moccasin (D:6)
  3 ice beasts
  3 orc warriors
  A sky beast (D:7)
  A black bear (D:6)
  A centaur (D:7)
  3 bullfrogs (D:7)
  A kobold brigand (D:7)
  A gnoll sergeant (D:6)
  3 scorpions
  10 wights
  5 howler monkeys
  2 hounds
  2 orc priests (D:6)
  A gnoll bouda (D:6)
  A jelly (D:6)
  4 iguanas (D:6)
  2 orc wizards (D:6)
  11 gnolls
  3 adders
  2 shadow imps (D:7)
  A white imp (D:6)
  2 ufetubi
  A worm (D:3)
  2 dart slugs
  18 orcs
  4 ball pythons
  5 bats
  3 endoplasms
  4 giant cockroaches
  13 goblins
  12 hobgoblins
  2 jackals (D:4)
  6 kobolds
  4 quokkas
  2 frilled lizards
  10 rats
155 creatures vanquished.

Notes
Turn   | Place    | Note
-------+----------+-------------------------------------------
     0 | D:1      | kevlar127 the Troll Berserker began the quest for the Orb.
     0 | D:1      | Reached XP level 1. HP: 22/22 MP: 0/0
    95 | D:1      | Reached XP level 2. HP: 29/29 MP: 1/1
   188 | D:1      | Found Bimixeck's Distillery.
   792 | D:2      | Reached ** piety under Trog
   793 | D:2      | Reached XP level 3. HP: 36/37 MP: 2/2
   849 | D:2      | Found a faded altar of an unknown god.
  1094 | D:3      | Reached skill level 4 in Unarmed Combat
  1094 | D:3      | Reached XP level 4. HP: 38/45 MP: 3/3
  1440 | D:3      | Noticed Grinder
  1447 | D:3      | Killed Grinder
  1448 | D:3      | Reached skill level 5 in Unarmed Combat
  1448 | D:3      | Reached XP level 5. HP: 40/55 MP: 4/4
  1448 | D:3      | Reached XP level 6. HP: 45/63 MP: 5/5
  1625 | D:3      | Found Arirch's Weapon Shoppe.
  2714 | D:4      | Reached *** piety under Trog
  2815 | D:5      | Entered Level 5 of the Dungeon
  2840 | D:5      | Found an iron altar of Okawaru.
  2855 | D:5      | Found a sacrificial altar of Ru.
  2858 | D:5      | Found a bloodstained altar of Trog.
  2872 | D:5      | Found a snail-covered altar of Cheibriados.
  2969 | D:5      | Identified the +8 chain mail "Ruigyed" {rF+ MP+9 Str+4}
  2982 | D:5      | Noticed an ice beast
  2991 | D:5      | Killed an ice beast
  2992 | D:5      | Reached skill level 5 in Fighting
  2992 | D:5      | Reached skill level 6 in Unarmed Combat
  2992 | D:5      | Reached XP level 7. HP: 44/72 MP: 6/6
  3020 | D:5      | Found a staircase to the Ecumenical Temple.
  3870 | D:6      | Reached skill level 7 in Unarmed Combat
  3884 | D:7      | Reached XP level 8. HP: 13/83 MP: 7/7
  3953 | D:6      | Identified the amulet "Pyujakh" {Regen+ Dex+2}
  4092 | D:6      | HP: 3/83 [orc warrior/+0 halberd (5)]
  4109 | D:7      | Reached skill level 1 in Throwing
  4481 | D:6      | Found a glowing silver altar of Zin.
  4517 | D:6      | Reached skill level 8 in Unarmed Combat
  4678 | D:1      | Bought a potion of resistance for 110 gold pieces
  4678 | D:1      | Bought a potion of attraction for 33 gold pieces
  4678 | D:1      | Bought a potion of curing for 33 gold pieces
  4982 | D:6      | Found a transporter.
  4992 | D:6      | Noticed zhov's ghost (novice DEHu)
  5038 | D:6      | Noticed a cyclops
  5040 | D:6      | Found a transporter.
  5047 | D:6      | Killed a cyclops
  5048 | D:6      | Reached XP level 9. HP: 73/93 MP: 8/8
  5199 | D:6      | Noticed Eustachio
  5208 | D:6      | Killed Eustachio
  5615 | D:7      | Reached skill level 1 in Armour
  5631 | D:7      | Reached skill level 9 in Unarmed Combat
  5938 | D:7      | Found a burning altar of Makhleb.
  6010 | D:7      | Reached **** piety under Trog
  6056 | D:7      | Found a radiant altar of Vehumet.
  6227 | D:7      | Found a shadowy altar of Dithmenos.
  6360 | D:7      | Reached skill level 5 in Throwing
  6497 | D:8      | Noticed a two-headed ogre
  6499 | D:8      | Noticed Pikel
  6510 | D:7      | HP: 1/96 [two-headed ogre/+0 dire flail (23)]
  6510 | D:7      | Slain by a two-headed ogre

Illustrated notes

Levels and vault maps discovered:
D:1:      erik_arrival_triangle_large, layout_basic, serial_shops, shop
D:2:      layout_rooms, hellmonk_ecumenical_altar_prayer_group
D:3:      layout_basic, serial_shops, nicolae_shop_stone,
          hangedman_abyss_or_decor_lesser_grid, minmay_goblin_outpost,
          uniq_grinder
D:4:      layout_loops_ring
D:5:      layout_basic, grunt_temple_overflow_cloverleaf,
          minmay_temple_entry_arrows, skrybe_limestone_x
D:6:      layout_layer_cave, nicolae_overflow_crystal_walls,
          gammafunk_ghost_stat_death, uniq_eustachio
D:7:      layout_rooms, mainiacjoe_overflow_surrounded_room,
          nicolae_vehumet_radiance, grunt_dithmenos_shadows,
          nicolae_figureground_pulse
D:8:      minmay_ornate_pinched, layout_rooms, nicolae_elyvilon_temple_path,
          mainiacjoe_overflow_alcove_2, serial_aquarium,
          aquarium_bridge_long_joined [aquarium_subvault_bridge,
          aquarium_subvault_window, aquarium_subvault_bridge,
          aquarium_subvault_wall, aquarium_subvault_window,
          aquarium_subvault_window], aquarium_bridge_square
          [aquarium_subvault_wall, aquarium_subvault_window,
          aquarium_subvault_bridge, aquarium_subvault_bridge],
          aquarium_window_fake, aquarium_window_1, aquarium_window_1,
          aquarium_view_2b, aquarium_view_2d, aquarium_balcony_1b,
          hangedman_decor_slide_cut, minmay_ruined_shrine, uniq_erica,
          uniq_joseph, uniq_pikel

Skill      XL: |  1  2  3  4  5  6  7  8  9 |
---------------+----------------------------+-----
Fighting       | 3 4 5 6 7 |  7.9
Unarmed Combat | 4 5 6 7 8 9 |  9.4
Throwing       | 3 5 |  5.0
Dodging        | 3 |  3.0
Armour         | 2 |  2.0

Action                   |  1- 3 |  4- 6 |  7- 9 || total
-------------------------+-------+-------+-------++-------
Melee: Unarmed           |    63 |   111 |   191 ||   365
       Punch             |       |     2 |     7 ||     9
Throw: Stone             |       |     4 |     8 ||    12
       Boomerang         |       |       |    25 ||    25
Invok: Berserk           |       |       |     5 ||     5
       Trog's Hand       |       |       |     4 ||     4
  Use: Scroll            |       |       |     8 ||     8
 Stab: Sleeping          |       |       |     1 ||     1
Armor: Animal skin       |    17 |    27 |     1 ||    45
       Robe              |       |       |    31 ||    31
       Steam dragon scal |       |       |     5 ||     5
       Skin              |       |       |     2 ||     2
Dodge: Dodged            |    20 |    56 |   107 ||   183

Table legend: (Time is in decaauts)
 A = Elapsed time spent in this place.
 B = Non-inter-level travel time spent in this place.
 C = Inter-level travel time spent in this place.
 D = Time resting spent in this place.
 E = Time spent auto-exploring this place.
 F = Levels seen in this place.
 G = Mean time per level.
                   A        B        C        D        E       F      G
               +--------+--------+--------+--------+--------+-----+--------+
         Total |   6529 |   5699 |    830 |    916 |   3753 |   8 |  816.1 |
       Dungeon |   6529 |   5699 |    830 |    916 |   3753 |   8 |  816.1 |
               +--------+--------+--------+--------+--------+-----+--------+

Top non-repeatable levels by time:
     D:7: 1195 daAuts
     D:6: 1183 daAuts
     D:5: 1085 daAuts
     D:3: 1075 daAuts
     D:4: 823 daAuts
     D:1: 703 daAuts
     D:2: 453 daAuts
     D:8: 7 daAuts
